 Dungeon Crawl Stone Soup version 0.30-a0-782-ge64f9170bb (webtiles) character file.

Game seed: 8236991199053438958

605 Anon1729 the Insei (level 8, -2/68 HPs)
             Began as a Meteoran Monk on Feb 21, 2023.
             Was a Priest of Dithmenos.
             Slain by a steam dragon (9 damage)
             ... on level 4 of the Dungeon.
             The game lasted 00:05:18 (1647 turns).

Anon1729 the Insei (Meteoran Monk)                  Turns: 1647, Time: 00:05:18

Health: -2/68      AC:  5    Str: 13    XL:     8   Next: 2%
Magic:  9/9        EV: 14    Int: 14    God:    Dithmenos [***...]
Gold:   125        SH:  0    Dex: 16    Spells: 7/7 levels left

rFire   . . .      SeeInvis .      - Unarmed
rCold   . . .      Faith    .    (no shield)
rNeg    . . .      Spirit   .    c - +0 leather armour
rPois   .          Reflect  .    b - +0 helmet
rElec   .          Harm     .    k - +0 cloak
rCorr   .          Rampage  .    (no gloves)
Will    +....                    (no boots)
Stlth   +                        (no amulet)
HPRegen 0.31/turn                (no ring)
MPRegen 0.11/turn                (no ring)

@: glowing
A: sense surroundings 1, otherworldly, glowing, explore regen
a: Renounce Religion, Shadow Step


You were on level 4 of the Dungeon.
You worshipped Dithmenos.
Dithmenos was most pleased with you.
You visited 1 branch of the dungeon, and saw 4 of its levels.

You collected 125 gold pieces.

Inventory:

Missiles
 d - 2 boomerangs (quivered)
Armour
 a - a +0 robe
 b - a +0 helmet (worn)
 c - a +0 leather armour (worn)
 k - a +0 cloak (worn)
 m - a +0 hat
Jewellery
 l - a ring of flight
 q - a +6 ring of strength
Wands
 p - a wand of polymorph (9)
 s - a wand of digging (7)
Scrolls
 e - a scroll of brand weapon {unknown}
 g - 2 scrolls of enchant weapon {unknown}
 h - a scroll of magic mapping {unknown}
 j - 3 scrolls of identify {unknown}
 n - a scroll of vulnerability {unknown}
 o - 4 scrolls of noise {unknown}
Potions
 f - 2 potions of curing


   Skills:
 + Level 5.3 Fighting
 + Level 5.8 Dodging
 + Level 3.4 Stealth
 + Level 5.9 Unarmed Combat


You had 7 spell levels left.
You didn't know any spells.
Your spell library contained the following spells:

 Spells                   Type           Power      Damage    Failure   Level
 Blink                    Tloc           0%         N/A       50%         2
 Lesser Beckoning         Tloc           0%         N/A       50%         2
 Momentum Strike          Conj/Tloc      0%         3d8       50%         2


Dungeon Overview and Level Annotations

Branches:
Dungeon (4/15) Zot: 802
 Temple: D:4-7

Altars:
Dithmenos


Innate Abilities, Weirdness & Mutations

You passively map a small area around you.
You are easily found by Zot.
You glow in the dark.
You regain HP and MP as you explore.


Message History

The giant cockroach bites you but does no damage.
The steam dragon attacks as you move away!
The steam dragon barely misses you. The steam dragon claws you.
The giant cockroach barely misses you.
You punch the steam dragon!
The steam dragon is heavily wounded.
The giant cockroach barely misses you. The steam dragon misses you.
The steam dragon closely misses you.
You closely miss the steam dragon.
The steam dragon is heavily wounded.
The giant cockroach is engulfed in a cloud of scalding steam.
The giant cockroach dies!
The steam dragon closely misses you. The steam dragon completely misses you.
You hit the steam dragon. Your punch misses the steam dragon.
The steam dragon is severely wounded.
You hit the steam dragon.
The steam dragon is almost dead.
The steam dragon barely misses you. The steam dragon claws you.
You hit the steam dragon.
The steam dragon is almost dead.
The steam dragon breathes steam at you. The ball of steam hits you!
* * * LOW HITPOINT WARNING * * *
You barely miss the steam dragon.
The steam dragon is almost dead.
The steam dragon bites you but does no damage.
The steam dragon misses you.
You barely miss the steam dragon.
The steam dragon is almost dead.
You are engulfed in a cloud of scalding steam.
* * * LOW HITPOINT WARNING * * *
A giant cockroach comes into view.
The steam dragon breathes steam at you. The ball of steam hits you.
* * * LOW HITPOINT WARNING * * *
You hit the steam dragon.
You punch the steam dragon, but do no damage.
The steam dragon is almost dead.
The steam dragon bites you!
You die...

, * . ##..# , *..,
,...## , , , ... ...*
### ....###.. ...## * ,
........♣#♣...# ,
......♣.....♣.##
......)........# ,
...##♣...§D..♣!### * *
..B.....@.......#. ,,
.##.♣..§)..§♣......#* #
, ##..§....§..### .# #.#
* #.♣...§.♣.## .##..## ,
#....♣.♣...# ##....... *
...##......#####..#...#*
..# #....##......#....#
* ♣.♣.. #......#....## ,
.....# #...##....##.#


You could see a steam dragon and a giant cockroach.

Vanquished Creatures
  Grinder (D:3)
  Sigmund (D:3)
  2 hounds
  Ijyb (D:3)
  An iguana (D:4)
  Robin (D:3)
  3 gnolls (D:3)
  4 adders
  2 dart slugs (D:3)
  4 orcs
  5 endoplasms
  3 giant cockroaches
  8 goblins
  3 hobgoblins
  6 jackals
  4 kobolds
  2 quokkas (D:2)
  A ball python (D:4)
  A bat (D:3)
  3 frilled lizards
  4 rats
60 creatures vanquished.

Vanquished Creatures (others)
  A giant cockroach (D:4)
  3 plants (D:4)
4 creatures vanquished.

Grand Total: 64 creatures vanquished

Notes
Turn   | Place    | Note
-------+----------+-------------------------------------------
     0 | D:1      | Anon1729 the Meteoran Monk began the quest for the Orb.
     0 | D:1      | Reached XP level 1. HP: 19/19 MP: 2/2
    80 | D:1      | Reached XP level 2. HP: 26/26 MP: 3/3
   225 | D:1      | Reached XP level 3. HP: 20/31 MP: 4/4
   271 | D:2      | Found a faded altar of an unknown god.
   278 | D:2      | Prayed at the altar of an unknown god.
   278 | D:2      | Became a worshipper of Dithmenos the Shadowed
   278 | D:2      | Reached * piety under Dithmenos
   278 | D:2      | Reached ** piety under Dithmenos
   486 | D:2      | Reached *** piety under Dithmenos
   661 | D:2      | Reached XP level 4. HP: 26/40 MP: 5/5
   771 | D:3      | Noticed Grinder
   771 | D:3      | Paralysed by Grinder for 4 turns
   777 | D:3      | Paralysed by Grinder for 2 turns
   789 | D:3      | Paralysed by Grinder for 4 turns
   800 | D:3      | Paralysed by Grinder for 2 turns
   805 | D:3      | Killed Grinder
   806 | D:3      | Reached skill level 5 in Dodging
   806 | D:3      | Reached skill level 5 in Unarmed Combat
   806 | D:3      | Reached XP level 5. HP: 6/47 MP: 6/6
   806 | D:3      | Reached XP level 6. HP: 7/53 MP: 7/7
  1011 | D:3      | Noticed Ijyb
  1055 | D:3      | Killed Ijyb
  1064 | D:3      | Noticed Sigmund
  1065 | D:3      | Noticed Robin
  1087 | D:3      | HP: 2/53 [something (11)]
  1112 | D:3      | Killed Sigmund
  1113 | D:3      | Reached skill level 5 in Fighting
  1113 | D:3      | Reached XP level 7. HP: 7/61 MP: 8/8
  1134 | D:3      | Killed Robin
  1591 | D:4      | Reached XP level 8. HP: 29/68 MP: 9/9
  1622 | D:4      | Noticed a steam dragon
  1647 | D:4      | Slain by a steam dragon

Illustrated notes

Levels and vault maps discovered:
D:1:      dpeg_arrival_radiant, layout_loops_ring, serial_shops, shop,
          grunt_decor_clamped
D:2:      layout_rooms, basic_ecumenical_altar, moated_statue,
          minmay_strange_pillars, minivault_25, nicolae_nh_oracle_at_delphi
D:3:      layout_loops_ring, uniq_sigmund, uniq_grinder, uniq_ijyb, uniq_robin
D:4:      layout_layer_cave, serial_forest, infiniplex_forest_lined_ring,
          infiniplex_forest_clump_long, infiniplex_forest_end_2,
          infiniplex_forest_straight_1, infiniplex_forest_clump_diagonal,
          infiniplex_forest_lined_4_way, infiniplex_forest_lined_corner,
          infiniplex_forest_straight_4, infiniplex_forest_clump_C,
          gammafunk_ghost_mausoleum, uniq_edmund

Skill      XL: |  1  2  3  4  5  6 |
---------------+-------------------+-----
Dodging        | 4 5 |  5.8
Unarmed Combat | 4 5 |  5.9
Stealth        | 2 3 |  3.4
Fighting       | 4 5 |  5.3

Action                     |  1- 3 |  4- 6 |  7- 9 || total
---------------------------+-------+-------+-------++-------
  Melee: Unarmed           |   108 |   124 |   112 ||   344
         Punch             |     3 |     3 |     6 ||    12
    Use: Potion            |       |     6 |     1 ||     7
   Stab: Sleeping          |     1 |       |       ||     1
 Armour: Leather armour    |    28 |    37 |    26 ||    91
         Robe              |     1 |       |       ||     1
  Dodge: Dodged            |    72 |    42 |    65 ||   179

Table legend: (Time is in decaauts)
 A = Elapsed time spent in this place.
 B = Non-inter-level travel time spent in this place.
 C = Inter-level travel time spent in this place.
 D = Time resting spent in this place.
 E = Time spent auto-exploring this place.
 F = Levels seen in this place.
 G = Mean time per level.
                   A        B        C        D        E       F      G
               +--------+--------+--------+--------+--------+-----+--------+
         Total |   1596 |   1536 |     60 |      0 |    574 |   4 |  399.0 |
       Dungeon |   1596 |   1536 |     60 |      0 |    574 |   4 |  399.0 |
               +--------+--------+--------+--------+--------+-----+--------+

Top non-repeatable levels by time:
     D:3: 656 daAuts
     D:2: 445 daAuts
     D:1: 262 daAuts
     D:4: 232 daAuts
